 Dungeon Crawl Stone Soup version 0.31-a0-232-gb1c03b2570 (webtiles) character file.

Game seed: 12266651279846720907

112 qw the Shooter (level 4, -1/26 HPs)
             Began as a Gargoyle Hexslinger on July 7, 2023.
             Slain by Sigmund
             ... wielding a +7 scythe of protection
              (5 damage)
             ... on level 3 of the Dungeon.
             The game lasted 00:00:39 (1632 turns).

qw the Shooter (Gargoyle Hexslinger)                Turns: 1632, Time: 00:00:40

Health: -1/26      AC:  6    Str: 11    XL:     4   Next: 93%
Magic:  0/5        EV: 11    Int: 14    God:
Gold:   93         SH:  0    Dex: 14    Spells: 4/5 levels left

rFire   . . .        Y - +2 sling
rCold   . . .        (no shield)
rNeg    + . .        e - +0 leather armour
rPois   inf          (no helmet)
rElec   +            (no cloak)
rCorr   .            (no gloves)
SInv    .            (no boots)
Will    .....        d - amulet of guardian spirit
Stlth   +            (no ring)
HPRegen 0.24/turn    (no ring)
MPRegen 0.09/turn

%: guardian spirit
@: no status effects
A: sickness immunity, AC +3, negative energy resistance 1, electricity
resistance, torment resistance 1, petrification resistance
a: no special abilities


You were on level 3 of the Dungeon.
You visited 1 branch of the dungeon, and saw 3 of its levels.

You collected 93 gold pieces.


Innate Abilities, Weirdness & Mutations

You are immune to sickness and miasma.
Your stone body is resilient. (AC +3)
You are immune to poison.
You resist negative energy. (rN+)
You are resistant to electric shocks. (rElec)
You are resistant to unholy torment.
You are immune to petrification.


   Skills:
 - Level 2.0 Fighting
 + Level 4.6 Ranged Weapons
 - Level 1.5 Dodging
 - Level 1.0 Spellcasting
 - Level 2.6 Hexes


You had 4 spell levels left.
You knew the following spells:

 Your Spells              Type           Power      Damage    Failure   Level
a - Slow                  Hex            32%        N/A       12%         1

Your spell library contained the following spells:

 Spells                   Type           Power      Damage    Failure   Level
 Inner Flame              Hex/Fire       4%         N/A       52%         3
 Portal Projectile        Hex/Tloc       8%         N/A       52%         3
 Cause Fear               Hex            4%         N/A       75%         4

Inventory:

Hand Weapons
 Y - a +2 sling (weapon)
Armour
 e - a +0 leather armour (worn)
Jewellery
 d - an amulet of guardian spirit (around neck)
Scrolls
 a - a scroll of identify
Potions
 c - a potion of lignification {unknown}
 f - a potion of brilliance {unknown}
 g - a potion of haste
 j - a potion of curing {unknown}

Dungeon Overview and Level Annotations

Branches:
Dungeon (3/15)

Altars:

Annotations:
D:3 Grinder, Sigmund


Message History

What level of the Dungeon? (default 1, ? - help)
There is a stone staircase leading down here.
You climb downwards.
Grinder shouts!
Sigmund shouts!
Found an escape hatch in the floor.
There is a stone staircase leading up here.
There are monsters nearby!
Waypoint 2 assigned to D:3.
You shoot a sling bullet.
The sling bullet closely misses Grinder.
Grinder says, "Mostly I couldn't keep them alive."
Sigmund casts a spell.
Sigmund flickers and vanishes!
Deactivating autopickup; reactivate with Ctrl-A.
You shoot a sling bullet. The sling bullet hits Grinder.
Grinder is lightly wounded.
You shoot a sling bullet.
The sling bullet closely misses Grinder.
Grinder gestures at you. You resist with significant effort.
You shoot a sling bullet. The sling bullet barely misses Grinder.
Grinder barely misses you.
You shoot a sling bullet. The sling bullet hits Grinder.
Grinder is moderately wounded.
Grinder misses you. Grinder gestures at you.
You suddenly lose the ability to move!
Something hits you. Grinder gestures at you. Pain shoots through your body!
A magic dart appears from out of thin air!
The magic dart hits you. Grinder hits you. Something hits you!
Grinder says, "DUCK!"
Grinder hits you but does no damage. Grinder hits you but does no damage.
You hear some strange, mumbled words.
Something tries to affect you, but you resist.
You can move again.
1632 ||| STAIRDANCE Grinder hits you.
You writhe in agony.
Something hits you.
You die...

###########
.........#.
..........
.........#
.....{...####
............#
.>....5@.#
.........#
##########


You could see Grinder.

Vanquished Creatures
  4 adders (D:2)
  3 gnolls (D:2)
  A worm (D:1)
  2 dart slugs
  4 bats (D:1)
  An endoplasm (D:1)
  5 hobgoblins
  4 jackals (D:1)
  6 kobolds
  A quokka (D:2)
  2 ball pythons
  2 frilled lizards (D:1)
  5 goblins
  5 rats
45 creatures vanquished.

Notes
Turn   | Place    | Note
-------+----------+-------------------------------------------
     0 | D:1      | qw the Gargoyle Hexslinger began the quest for the Orb.
     0 | D:1      | Reached XP level 1. HP: 12/12 MP: 2/2
     0 | D:1      | 0 ||| qw: Version: 0.3-a-46-gb1f654a
     0 | D:1      | 0 ||| qw: Game counter: 2662
     0 | D:1      | 0 ||| qw: Melee chars always use a shield: true
     0 | D:1      | 0 ||| qw: God list: Okawaru
     0 | D:1      | 0 ||| qw: Allow faded altars: false
     0 | D:1      | 0 ||| qw: Do Orc after clearing Dungeon:15 true
     0 | D:1      | 0 ||| qw: Do second Lair branch before Depths: true
     0 | D:1      | 0 ||| qw: Lair rune preference: random
     0 | D:1      | 0 ||| qw: Goals: Normal
     0 | D:1      | 0 ||| PLANNING D:1-11
   104 | D:1      | Reached XP level 2. HP: 16/16 MP: 3/3
   309 | D:1      | Found a faded altar of an unknown god.
   315 | D:1      | Reached skill level 3 in Ranged Weapons
   514 | D:1      | Reached XP level 3. HP: 21/21 MP: 4/4
   707 | D:1      | 707 ||| UPGRADING to +0 leather armour.
   717 | D:1      | 717 ||| DROPPING +0 robe.
   718 | D:1      | 718 ||| DROPPING ring of wizardry.
   719 | D:1      | 719 ||| READING 3 scrolls labelled OSOHAE ROPPEA.
   720 | D:1      | 720 ||| READING scroll labelled OFIR GILYCKU.
   738 | D:1      | 738 ||| DRINKING 2 sedimented brown potions.
   739 | D:1      | 739 ||| READING 2 scrolls of identify.
   739 | D:1      | 739 ||| IDENTIFYING red potion
   740 | D:1      | 740 ||| DROPPING scroll of poison.
   741 | D:1      | 741 ||| DROPPING potion of attraction.
   789 | D:2      | HP: 4/21 [gnoll/+0 club (4)]
   791 | D:2      | Reached XP level 4. HP: 5/26 MP: 5/5
   791 | D:2      | 791 ||| FLEEEEING.
   792 | D:2      | 792 ||| FLEEEEING.
   793 | D:2      | 793 ||| FLEEEEING.
   794 | D:2      | 794 ||| FLEEEEING.
   795 | D:2      | 795 ||| STAIRDANCE
   881 | D:2      | 881 ||| STAIRDANCE
   888 | D:1      | Reached skill level 4 in Ranged Weapons
  1556 | D:2      | 1556 ||| UPGRADING to amulet of guardian spirit.
  1561 | D:2      | 1561 ||| READING scroll labelled ZUANEES VONT.
  1562 | D:2      | 1562 ||| READING scroll labelled ATIOCS SEREGIY.
  1563 | D:2      | 1563 ||| READING scroll labelled DEABAL KODOY.
  1622 | D:3      | Noticed Grinder
  1622 | D:3      | Noticed Sigmund
  1627 | D:3      | Paralysed by Grinder for 5 turns
  1630 | D:3      | HP: 6/26 [something (12)]
  1632 | D:3      | 1632 ||| STAIRDANCE
  1632 | D:3      | Slain by Sigmund

Levels and vault maps discovered:
D:1:      minmay_arrival_solitary_statue, layout_loops_ring,
          ebering_ecumenical_altar_petrified, minmay_pentomino_s4
D:2:      layout_loops_ring, lemuel_flame_loot_1
D:3:      layout_rooms, serial_shops, shop, nicolae_shop_trees,
          nicolae_shop_crystal, shop, shop, amethyst_killhole,
          kennysheep_big_empty_room, uniq_grinder, uniq_crazy_yiuf_cottage,
          uniq_sigmund, uniq_terence

Skill      XL: |  1  2  3  4 |
---------------+-------------+-----
Ranged Weapons | 3 4 |  4.6
Fighting       | 2 |  2.0
Dodging        | |  1.5
Spellcasting   | |  1.0
Hexes          | |  2.6

Action                     |  1- 3 |  4- 6 || total
---------------------------+-------+-------++-------
   Fire: Sling             |    97 |    65 ||   162
    Use: Scroll            |     3 |     3 ||     6
         Potion            |     1 |       ||     1
 Armour: Robe              |    13 |       ||    13
         Leather armour    |     2 |    15 ||    17
  Dodge: Dodged            |    32 |    10 ||    42

Table legend:
 A = Non-vault XP
 B = Vault XP
 C = Vault XP percentage of total XP
 D = Non-vault monster count
 E = Vault monster count
 F = Vault count percentage of total count
                 A         B        C        D         E       F
            +---------+---------+-------+---------+---------+-------
      Total |     155 |       5 |   3.1 |      41 |       4 |   8.9
            +---------+---------+-------+---------+---------+-------
        D:1 |      39 |       5 |  11.4 |      21 |       4 |  16.0
        D:2 |     116 |       0 |   0.0 |      20 |       0 |   0.0
            +---------+---------+-------+---------+---------+-------
